 Dungeon Crawl Stone Soup version 0.27.0-1-g7a08968 (webtiles) character file.

Game seed: 267308774001499099

3152 Illumine the Spear-Bearer (level 9, -1/63 HPs)
             Began as a Merfolk Gladiator on Aug 26, 2021.
             Was a Believer of Hepliaklqana.
             Slain by Crazy Yiuf (19 damage)
             ... on level 7 of the Dungeon.
             The game lasted 00:12:07 (9676 turns).

Illumine the Spear-Bearer (Merfolk Gladiator)       Turns: 9676, Time: 00:12:08

Health: -1/63      AC:  7    Str: 17    XL:     9   Next: 93%
Magic:  14/14      EV: 16    Int:  7    God:    Hepliaklqana [**....]
Gold:   367        SH:  5    Dex: 16    Spells: 12/14 levels left

rFire    + . .     SeeInvis .   r - +0 halberd
rCold    . . .     Faith    .   (shield currently unavailable)
rNeg     . . .     Spirit   .   b - +0 leather armour
rPois    .         Reflect  +   j - +1 helmet
rElec    .         Harm     .   x - +0 cloak
rCorr    .         Rampage  .   z - +0 pair of gloves
Will     .....                  (no boots)
Stlth    +.........             l - amulet of reflection
HPRegen  0.20/turn              e - ring of flight
MPRegen  0.14/turn              c - ring of protection from fire

@: flying
A: reduced essence, (nimble swimmer 2), mertail
a: Renounce Religion, Recall Ancestor, Ancestor Identity


You were on level 7 of the Dungeon.
You worshipped Hepliaklqana.
Hepliaklqana was pleased with you.
You visited 2 branches of the dungeon, and saw 8 of its levels.

You collected 367 gold pieces.

Inventory:

Hand Weapons
 r - a +0 halberd (weapon)
Armour
 b - a +0 leather armour (worn)
 j - a +1 helmet (worn)
 x - a +0 cloak (worn)
 z - a +0 pair of gloves (worn)
Jewellery
 c - a ring of protection from fire (right hand)
 e - a ring of flight (left hand)
 l - an amulet of reflection (around neck)
 q - an amulet of magic regeneration
Wands
 f - a wand of charming (6)
 o - a wand of polymorph (19)
 t - a wand of acid (4)
 v - a wand of flame (19)
 y - a wand of paralysis (15)
Scrolls
 g - a scroll of brand weapon {unknown}
 h - 2 scrolls of noise {unknown}
 i - 2 scrolls of fog {unknown}
 m - 2 scrolls of magic mapping {unknown}
 p - a scroll of teleportation {unknown}
 s - a scroll of blinking {unknown}
 u - a scroll of enchant weapon {unknown}
 C - a scroll of summoning {unknown}
 D - a scroll of amnesia {unknown}
Potions
 a - a potion of might
 d - a potion of flight {unknown}
 k - a potion of magic
 n - a potion of heal wounds {unknown}
 w - a potion of cancellation {unknown}
 A - a potion of brilliance {unknown}
 B - 2 potions of mutation


   Skills:
 + Level 6.6 Fighting
 * Level 12.3 Polearms
 - Level 2.0 Throwing
 + Level 8.6 Dodging
 + Level 3.4 Spellcasting
 - Level 4.1 Transmutations
 + Level 4.4 Invocations
 - Level 0.5 Evocations


You had 12 spell levels left.
You knew the following spells:

 Your Spells              Type           Power      Damage    Failure   Level
a - Passwall              Tmut/Erth      3%         N/A       26%         2

Your spell library contained the following spells:

 Spells                   Type           Power      Damage    Failure   Level
 Foxfire                  Conj/Fire      4%         2x1d4     38%         1
 Magic Dart               Conj           4%         1d3       38%         1
 Call Imp                 Summ           1%         N/A       52%         2
 Ignite Poison            Fire/Tmut/Pois 3%         N/A       56%         3
 Conjure Flame            Conj/Fire      1%         6-21      77%         3
 Inner Flame              Hex/Fire       1%         N/A       77%         3
 Mephitic Cloud           Conj/Pois/Air  1%         N/A       77%         3
 Swiftness                Air            1%         N/A       77%         3
 Sticky Flame             Conj/Fire      1%         2d3       99%         4
 Invisibility             Hex            0%         N/A       100%        6


Dungeon Overview and Level Annotations

Branches:
Dungeon (7/15)             Temple (1/1) D:5

Altars:
Gozag
Hepliaklqana
Nemelex Xobeh
Qazlal
Vehumet
Xom
Yredelemnul

Annotations:
D:7 1 runed translucent door, Crazy Yiuf; cpf86's ghost, novice HOMo


Innate Abilities, Weirdness & Mutations

Your life essence is reduced to manifest your ancestor. (-10% HP)
((You are quick and stealthy near water. (Stealth+, EV+, Speed+++)))
Your lower body shifts to a powerful aquatic tail in water.


Message History

An iguana is nearby!
You reach to attack!
You hit the iguana.
The iguana is moderately wounded.
You puncture the iguana!
You kill the iguana!
No target in view!
You see here an iguana corpse.
No target in view!
There is an escape hatch in the ceiling here.
You swap places.
You swap places.
You swap places.
Items here: (( ))))).
Could not explore, unopened runed door.
Search for what [Enter for "helm", or ? for help]?
Okay, then.
Search for what [Enter for "helm", or ? for help]? door You swap places.
Crazy Yiuf shouts!
You reach down and open the door.
Crazy Yiuf drinks a potion.
Crazy Yiuf goes berserk!
You swap places.
Crazy Yiuf hits Huemac with a +4 quarterstaff of chaos.
You reach to attack!
You hit Crazy Yiuf but do no damage.
Huemac closely misses Crazy Yiuf.
Crazy Yiuf hits Huemac with a +4 quarterstaff of chaos!!
Huemac is destroyed!
You reach to attack!
You closely miss Crazy Yiuf. You closely miss Crazy Yiuf.
Crazy Yiuf hits you with a +4 quarterstaff of chaos!
You closely miss Crazy Yiuf.
Crazy Yiuf hits you with a +4 quarterstaff of chaos!!
Crazy Yiuf freezes you.
Crazy Yiuf hits you with a +4 quarterstaff of chaos!
* * * LOW HITPOINT WARNING * * *
Unknown command.
Crazy Yiuf barely misses you. Crazy Yiuf closely misses you.
Crazy Yiuf hits you with a +4 quarterstaff of chaos!!
You die...

#..##........# #'#
.........#.#.# ♣♣.♣
...##....#.#.# ♣.♣♣
..###.#....#.# ♣♣.♣
......#.#..#.# ♣.♣♣
#..#..#.#..### ♣♣.♣♣
.#..#...##.# ♣...♣♣
..#...####.## ♣g...♣
#..#..# #..# #@...#
.#..#.#####.####....#
..#.................##
#..#...##............#
.#..#.###............#
..#...# #............#
#..#..# #............#
.#..#(# #............#
..#...# #............#


You could see Crazy Yiuf (berserk).

Vanquished Creatures
  A two-headed ogre (D:6)
  Duvessa (D:7)
  A black bear (D:7)
  2 orc warriors
  2 ice beasts
  3 bullfrogs (D:7)
  A kobold brigand (D:7)
  Dowan (D:7)
  4 scorpions
  4 killer bees
  3 wights (D:7)
  2 howler monkeys
  A bullfrog zombie (D:5)
  4 hounds (D:4)
  2 orc priests
  2 centaur skeletons
  A gnoll shaman (D:5)
  An iguana (D:7)
  2 orc wizards
  A killer bee zombie (D:6)
  A hound skeleton (D:4)
  10 gnolls
  3 adders
  A white imp (D:6)
  An ufetubus (D:4)
  A worm (D:5)
  2 dart slugs
  12 orcs
  3 ball pythons
  10 endoplasms
  3 giant cockroaches
  8 hobgoblins
  9 jackals
  15 kobolds
  5 quokkas
  5 bats
  5 frilled lizards (D:2)
  5 goblins
  5 rats
143 creatures vanquished.

Vanquished Creatures (collateral kills)
  Grinder (D:6)
  A phantom (D:5)
  2 killer bees (D:6)
  2 jackals (D:2)
  A ball python (D:3)
7 creatures vanquished.

Vanquished Creatures (others)
  A knight (D:7)
1 creature vanquished.

Grand Total: 151 creatures vanquished

Notes
Turn   | Place    | Note
-------+----------+-------------------------------------------
     0 | D:1      | Illumine the Merfolk Gladiator began the quest for the Orb.
     0 | D:1      | Reached XP level 1. HP: 16/16 MP: 1/1
   410 | D:1      | Reached XP level 2. HP: 21/23 MP: 2/2
   421 | D:1      | Reached skill level 5 in Polearms
   581 | D:1      | Found a faded altar of an unknown god.
   992 | D:2      | Reached XP level 3. HP: 26/28 MP: 3/3
  1618 | D:2      | Reached XP level 4. HP: 34/34 MP: 4/4
  1737 | D:3      | Reached skill level 6 in Polearms
  2560 | D:4      | Reached skill level 5 in Dodging
  2560 | D:4      | Reached XP level 5. HP: 41/41 MP: 5/5
  2838 | D:4      | Reached skill level 7 in Polearms
  3167 | D:5      | Entered Level 5 of the Dungeon
  3177 | D:4      | Reached XP level 6. HP: 33/48 MP: 6/6
  3865 | D:4      | Reached skill level 8 in Polearms
  4715 | D:5      | Found a staircase to the Ecumenical Temple.
  4722 | D:5      | Reached XP level 7. HP: 55/55 MP: 7/7
  4739 | Temple   | Entered the Ecumenical Temple
  4747 | Temple   | Became a worshipper of Hepliaklqana the Forgotten
  4961 | D:5      | Reached skill level 9 in Polearms
  5829 | D:7      | Found a sparkling altar of Nemelex Xobeh.
  5832 | D:7      | Found a stormy altar of Qazlal.
  5922 | D:7      | Found a runed translucent door.
  5923 | D:7      | Noticed Crazy Yiuf
  5987 | D:7      | Reached skill level 5 in Fighting
  5995 | D:7      | Learned a level 2 spell: Passwall
  6052 | D:7      | Reached XP level 8. HP: 60/62 MP: 8/8
  6060 | D:7      | Found an opulent altar of Gozag.
  6060 | D:7      | Noticed Duvessa
  6061 | D:7      | Noticed Dowan
  6063 | D:7      | Found a shimmering altar of Xom.
  6070 | D:7      | Killed Duvessa
  6071 | D:7      | Reached skill level 1 in Transmutations
  6071 | D:7      | Reached skill level 1 in Invocations
  6073 | D:7      | Killed Dowan
  6074 | D:7      | Reached skill level 10 in Polearms
  6084 | D:7      | Reached skill level 1 in Spellcasting
  6784 | D:7      | Noticed cpf86's ghost (novice HOMo)
  6785 | D:7      | Found a runed translucent door.
  6892 | D:7      | Reached * piety under Hepliaklqana
  7067 | D:6      | Noticed a two-headed ogre
  7093 | D:5      | Reached skill level 11 in Polearms
  7093 | D:5      | Reached XP level 9. HP: 43/62 MP: 10/12
  8455 | D:6      | Killed a two-headed ogre
  8755 | D:6      | Found a radiant altar of Vehumet.
  9058 | D:6      | Reached skill level 12 in Polearms
  9240 | D:6      | Noticed Grinder
  9250 | D:6      | Killed Grinder
  9351 | D:6      | Reached ** piety under Hepliaklqana
  9352 | D:6      | Remembered your ancestor Huemac as a knight
  9676 | D:7      | Slain by Crazy Yiuf

Illustrated notes

Levels and vault maps discovered:
D:1:      dpeg_arrival_yet_another_circle, layout_loops_ring,
          dreamdust_ecumenical_altar_grove
D:2:      minmay_chambers_of_ones, layout_loops_ring, minivault_25
D:3:      layout_basic
D:4:      layout_rooms
D:5:      layout_cave_pools, temple_pool_b
D:6:      layout_cave_pools, nicolae_vehumet_altar_sigil, uniq_grinder
D:7:      layout_basic, nicolae_overflow_hidden_temple, gammafunk_ghost_grave,
          minmay_misc_feat_diagonals, uniq_duvessa, uniq_crazy_yiuf_cottage
Temple:   regret_index_temple_waves

Skill      XL: |  1  2  3  4  5  6  7  8  9 |
---------------+----------------------------+-----
Polearms       | 5 6 7 8 9 11 12 | 12.3
Fighting       | 3 4 5 6 |  6.6
Dodging        | 5 6 7 8 |  8.6
Transmutations | 3 4 |  4.1
Invocations    | 3 4 |  4.4
Spellcasting   | 2 3 |  3.4
Throwing       | |  2.0
Evocations     | |  0.5

Action                   |  1- 3 |  4- 6 |  7- 9 || total
-------------------------+-------+-------+-------++-------
Melee: Trident           |   116 |   221 |       ||   337
       Halberd           |       |     6 |   285 ||   291
Throw: Throwing net      |       |     3 |     8 ||    11
Invok: Recall Ancestor   |       |       |     1 ||     1
       Ancestor Life: Kn |       |       |     1 ||     1
Evoke: Wand              |       |       |     5 ||     5
  Use: Potion            |       |       |     1 ||     1
       Scroll            |       |       |     3 ||     3
 Stab: Sleeping          |     1 |       |     2 ||     3
       Distracted        |       |     1 |     4 ||     5
       Held in net/web   |       |       |     1 ||     1
Armor: Leather armour    |    39 |    45 |    44 ||   128
Dodge: Dodged            |    53 |   155 |   186 ||   394
Block: Other             |       |       |    48 ||    48
       Reflection        |       |       |     2 ||     2
